 Dungeon Crawl Stone Soup version 0.31-a0-40-g1d5085d191 (webtiles) character file.

Game seed: 15072481102169509059

69 lunkers the Changer (level 4, -3/35 HPs)
             Began as a Meteoran Wanderer on May 17, 2023.
             Was a Follower of Okawaru.
             Slain by a water moccasin (4 damage)
             ... on level 3 of the Dungeon.
             The game lasted 00:01:37 (957 turns).

lunkers the Changer (Meteoran Wanderer)              Turns: 957, Time: 00:01:38

Health: -3/35      AC:  2    Str: 12    XL:     4   Next: 70%
Magic:  1/7        EV: 11    Int: 18    God:    Okawaru [*.....]
Gold:   96         SH:  0    Dex: 12    Spells: 4/5 levels left

rFire   . . .        f - +0 dagger (flame)
rCold   . . .        (no shield)
rNeg    . . .        d - +0 robe
rPois   .            (no helmet)
rElec   .            (no cloak)
rCorr   .            (no gloves)
SInv    .            (no boots)
Will    .....        (no amulet)
Stlth   +            (no ring)
HPRegen 0.25/turn    (no ring)
MPRegen 0.10/turn

%: no passive effects
@: lethally poisoned (-3 -> -25), glowing
A: sense surroundings 1, otherworldly, glowing, explore regen
a: Renounce Religion, Heroism


You were on level 3 of the Dungeon.
You worshipped Okawaru.
Okawaru was aware of your devotion.
You visited 1 branch of the dungeon, and saw 3 of its levels.

You collected 96 gold pieces.

Inventory:

Hand Weapons
 a - a +0 dagger
 f - a +0 dagger of flaming (weapon)
Missiles
 b - 9 boomerangs
Armour
 d - a +0 robe (worn)
Jewellery
 j - a ring of flight
Scrolls
 g - a scroll of brand weapon {unknown}
 h - 2 scrolls of amnesia {unknown}
 k - a scroll of teleportation {unknown}
 l - a scroll of vulnerability {unknown}
 m - a scroll of fog {unknown}
 n - 2 scrolls of identify {unknown}
Potions
 c - 2 potions of might
 e - a potion of heal wounds {unknown}
 i - a potion of invisibility {unknown}
 o - a potion of berserk rage {unknown}


   Skills:
 - Level 1.1 Fighting
 - Level 2.4 Throwing
 - Level 1.0 Stealth
 - Level 1.3 Spellcasting
 - Level 4.8 Transmutations
 * Level 4.7 Earth Magic


You had 4 spell levels left.
You knew the following spells:

 Your Spells              Type           Power      Damage    Failure   Level
a - Sandblast             Erth           36%        2d10      2%          1

Your spell library contained the following spells:

 Spells                   Type           Power      Damage    Failure   Level
 Wereblood                Tmut           18%        N/A       4%          2
 Sting                    Tmut/Pois      36%        1d4       7%          1
 Stone Arrow              Conj/Erth      18%        3d8       22%         3
 Ignite Poison            Fire/Tmut/Pois 7%         N/A       30%         3
 Inner Flame              Hex/Fire       1%         N/A       50%         3
 Yara's Violent Unravell  Hex/Tmut       4%         3d4       89%         5
 Enfeeble                 Hex            0%         N/A       100%        7


Dungeon Overview and Level Annotations

Branches:
Dungeon (3/15) Zot: 811

Altars:
Okawaru


Innate Abilities, Weirdness & Mutations

You passively map a small area around you.
You are easily found by Zot.
You glow in the dark.
You regain HP and MP as you explore.


Message History

A water moccasin is nearby!
Casting: Sandblast (safe; 2% risk of failure)
Confirm with . or Enter, or press ? or * to list all spells.
The blast of sand misses the water moccasin.
The water moccasin closely misses you. The water moccasin barely misses you.
A water moccasin is nearby!
Casting: Sandblast (safe; 2% risk of failure)
Confirm with . or Enter, or press ? or * to list all spells.
The blast of sand hits the water moccasin.
The water moccasin is lightly wounded.
The water moccasin bites you.
You are poisoned.
The water moccasin poisons you! The water moccasin bites you!
You are lethally poisoned!
The water moccasin poisons you!
Unknown command.
* * * LOW HITPOINT WARNING * * *
You feel very sick.
Unknown command.
Aiming: Sandblast (safe; 2% risk of failure)
Press: ? - help, Q - select action, (/) - cycle Shift-Dir - straight line, f/p - water moccasin
Aim: a water moccasin (lightly wounded, 70% to hit)
The blast of sand misses the water moccasin.
* * * LOW HITPOINT WARNING * * *
You feel extremely sick. The water moccasin misses you.
The water moccasin closely misses you.
Unknown command.
Aiming: Sandblast (safe; 2% risk of failure)
Press: ? - help, Q - select action, (/) - cycle Shift-Dir - straight line, f/p - water moccasin
Aim: a water moccasin (lightly wounded, 70% to hit)
The blast of sand hits the water moccasin!
The water moccasin is moderately wounded.
* * * LOW MAGIC WARNING * * *
* * * LOW HITPOINT WARNING * * *
You feel very sick. The water moccasin bites you.
* * * LOW HITPOINT WARNING * * *
You are more poisoned.
The water moccasin poisons you! The water moccasin bites you.
You die...

### #.##.## ,..#
##.##... , #.#
#....... ..#
#..####. , ,#.#
#..# ##. , , *#.#
#..###.. ,
#.#########.......
#...........####..
#@########### ##.
, , #S# #.. ,,
......).# #.. *
###..#### #.. ,*#.
#.. .. * #.. ..*
#.. ,*., #.# * ,
#.#


You could see a water moccasin.

Vanquished Creatures
  A gnoll (D:1)
  2 adders (D:2)
  An orc (D:3)
  4 endoplasms
  2 giant cockroaches (D:1)
  A goblin (D:1)
  3 hobgoblins
  4 jackals (D:1)
  4 kobolds (D:1)
  2 quokkas
  8 ball pythons
  5 bats
  A frilled lizard (D:1)
  2 rats (D:1)
40 creatures vanquished.

Notes
Turn   | Place    | Note
-------+----------+-------------------------------------------
     0 | D:1      | lunkers the Meteoran Wanderer began the quest for the Orb.
     0 | D:1      | lunkers set off with the following items: a +0 dagger, 9
                  | boomerangs, a potion of might, a +0 robe; and the following
                  | spells available to memorise: Wereblood, Sting, Sandblast,
                  | Ignite Poison, Stone Arrow.
     0 | D:1      | Reached XP level 1. HP: 16/16 MP: 3/3
     2 | D:1      | Learned a level 1 spell: Sandblast
    95 | D:1      | Reached XP level 2. HP: 23/23 MP: 3/5
   327 | D:1      | Reached XP level 3. HP: 28/28 MP: 4/6
   335 | D:1      | Found a faded altar of an unknown god.
   342 | D:1      | Prayed at the altar of an unknown god.
   342 | D:1      | Became a worshipper of Warmaster Okawaru
   342 | D:1      | Reached * piety under Okawaru
   483 | D:1      | Glimpsed the power of Zot.
   513 | D:2      | Reached XP level 4. HP: 32/35 MP: 2/7
   950 | D:3      | Noticed a water moccasin
   957 | D:3      | HP: 1/35 [water moccasin (5)]
   957 | D:3      | Slain by a water moccasin

Illustrated notes

Levels and vault maps discovered:
D:1:      dpeg_arrival_stone_temple_mockup, layout_basic,
          dilly_ecumenical_altar_fadedgnrine, grunt_decor_clamped,
          serial_bayou_crossing
D:2:      layout_rooms, hangedman_decor_growths
D:3:      layout_loops_ring, cheibrodos_ashenzari_chains, uniq_robin

Skill      XL: |  1  2  3 |
---------------+----------+-----
Earth Magic    | 2 3 4 |  4.7
Fighting       | |  1.1
Throwing       | |  2.4
Stealth        | |  1.0
Spellcasting   | |  1.3
Transmutations | |  4.8

Action                     |  1- 3 |  4- 6 || total
---------------------------+-------+-------++-------
  Melee: Dagger            |    20 |     1 ||    21
   Cast: Sandblast         |    41 |    22 ||    63
 Armour: Robe              |    12 |     2 ||    14
  Dodge: Dodged            |    17 |     8 ||    25

Table legend: (Time is in decaauts)
 A = Elapsed time spent in this place.
 B = Non-inter-level travel time spent in this place.
 C = Inter-level travel time spent in this place.
 D = Time resting spent in this place.
 E = Time spent auto-exploring this place.
 F = Levels seen in this place.
 G = Mean time per level.
                   A        B        C        D        E       F      G
               +--------+--------+--------+--------+--------+-----+--------+
         Total |    987 |    945 |     42 |      0 |    705 |   3 |  329.0 |
       Dungeon |    987 |    945 |     42 |      0 |    705 |   3 |  329.0 |
               +--------+--------+--------+--------+--------+-----+--------+

Top non-repeatable levels by time:
     D:1: 525 daAuts
     D:2: 371 daAuts
     D:3: 90 daAuts
